 Dungeon Crawl Stone Soup version 0.28.0-53-g5a82cb258f (console) character file.

Game seed: 5390224163901224954

13483 Banquo the Thaumaturge (level 11, -5/61 HPs)
             Began as a Deep Elf Fire Elementalist on July 25, 2022.
             Was a Believer of Vehumet.
             Slain by a harpy simulacrum (17 damage)
             ... in an ice cave.
             The game lasted 01:19:49 (13904 turns).

Banquo the Thaumaturge (DEFE)                      Turns: 13904, Time: 01:19:53

Health: -5/61      AC: 10    Str:  5    XL:     11   Next: 76%
Magic:  27/30      EV: 19    Int: 25    God:    Vehumet [**....]
Gold:   362        SH:  7    Dex: 15    Spells: 10/36 levels left

rFire   . . .      SeeInvis .   a - +0 spear (elec)
rCold   . . .      Faith    .   i - +2 buckler {AC+3}
rNeg    . . .      Spirit   .   d - +0 steam dragon scales
rPois   .          Reflect  .   h - +0 helmet
rElec   .          Harm     .   (no cloak)
rCorr   .          Rampage  .   g - +0 pair of gloves
Will    +....                   (no boots)
Stlth   ++........              y - amulet of magic regeneration
HPRegen 0.20/turn               q - +4 ring of evasion
MPRegen 0.62/turn               k - +4 ring of slaying

@: no status effects
A: no striking features
a: Renounce Religion


You were in an ice cave.
You worshipped Vehumet.
Vehumet was pleased with you.
You visited 3 branches of the dungeon, and saw 11 of its levels.
You also visited: Ossuary and Ice Cave.

You collected 476 gold pieces.
You spent 114 gold pieces at shops.

Inventory:

Hand Weapons
 a - a +0 spear of electrocution (weapon)
 M - a +1 dagger of speed
Missiles
 c - 410 stones
 n - 17 poisoned darts
Armour
 d - +0 steam dragon scales (worn)
 g - a +0 pair of gloves (worn)
 h - a +0 helmet (worn)
 i - a +2 buckler of protection (worn)
Jewellery
 k - a +4 ring of slaying (right hand)
 m - an amulet of the acrobat
 q - a +4 ring of evasion (left hand)
 s - a +6 ring of intelligence
 y - an amulet of magic regeneration (around neck)
 S - a ring of see invisible
Wands
 j - a wand of digging (7)
 l - a wand of polymorph (5)
 A - a wand of mindburst (17)
 Q - a wand of flame (4)
Scrolls
 b - a scroll of fear
 e - 3 scrolls of teleportation
 v - 2 scrolls of silence
 x - a scroll of acquirement
 B - a scroll of vulnerability {unknown}
 C - a scroll of fog
 K - a scroll of enchant weapon {unknown}
Potions
 f - 2 potions of might
 t - a potion of mutation
 w - 5 potions of brilliance
 E - a potion of lignification
 F - 5 potions of curing
 H - 3 potions of heal wounds
 I - 4 potions of resistance
 N - a potion of invisibility


   Skills:
 * Level 4.2 Fighting
 * Level 6.8 Dodging
 - Level 2.4 Stealth
 - Level 5.0 Shields
 + Level 13.0 Spellcasting
 * Level 8.8 Conjurations
 + Level 11.0 Fire Magic
 - Level 3.0 Air Magic
 - Level 3.0 Poison Magic


You had 10 spell levels left.
You knew the following spells:

 Your Spells              Type           Power      Damage    Failure   Level
a - Shock                 Conj/Air       100%       1d9       1%          1
b - Fireball              Conj/Fire      30%        3d13      1%          5
c - Mephitic Cloud        Conj/Pois/Air  41%        N/A       1%          3
d - Scorch                Fire           100%       2d10      1%          2
e - Stone Arrow           Conj/Erth      76%        3d11      2%          3
f - Conjure Flame         Conj/Fire      60%        6-21      1%          3
s - Sticky Flame          Conj/Fire      60%        2d8       1%          4
w - Flame Wave            Conj/Fire      60%        2d12      1%          4
z - Foxfire               Conj/Fire      100%       2x1d9     1%          1

Your spell library contained the following spells:

 Spells                   Type           Power      Damage    Failure   Level
 Static Discharge         Conj/Air       46%        N/A       1%          2
 Ignite Poison            Fire/Tmut/Pois 39%        N/A       1%          3
 Inner Flame              Hex/Fire       44%        N/A       1%          3
 Iskenderun's Battlesphe  Conj           57%        2d11      3%          5
 Apportation              Tloc           32%        N/A       4%          1
 Tukima's Dance           Hex            16%        N/A       14%         3
 Freezing Cloud           Conj/Ice/Air   18%        6-21      26%         5
 Anguish                  Hex/Necr       8%         N/A       41%         4
 Dispel Undead            Necr           16%        3d10      41%         4
 Conjure Ball Lightning   Conj/Air       23%        3x3d6     52%         6
 Alistair's Intoxication  Tmut/Pois      15%        N/A       56%         5
 Orb of Destruction       Conj           28%        9d9       71%         7
 Enfeeble                 Hex            8%         N/A       100%        7


Dungeon Overview and Level Annotations

Branches:
Dungeon (9/15)             Temple (1/1) D:7            Lair (1/6) D:9
Ossuary (visited)           IceCv (1/1)
    Orc: D:9-12

Altars:
Ashenzari
Cheibriados
Dithmenos
Elyvilon
Fedhas
Gozag
Hepliaklqana
Kikubaaqudgha
Makhleb
Nemelex Xobeh
Okawaru
Qazlal
Ru
Sif Muna
Trog
Uskayaw
Vehumet
Wu Jian
Xom
Yredelemnul
The Shining One

Shops:
D:4 *

Annotations:
Lair:1 3 runed translucent doors, Poumetof's ghost, journeyman GrEE; Reqegg's ghost, journeyman MiFi


Message History

Casting: Flame Wave (dangerous; 1% risk of failure)
Press: ? - help, Dir - look around, f - activate A wave of flame ripples out!
The flame wave engulfs the anaconda simulacrum!
The anaconda simulacrum melts!
The anaconda simulacrum vaporises!
Vehumet accepts your kill.
You hear a sizzling sound! (Press . to intensify the flame waves.)
You close the door.
There is a fountain of sparkling water here.
You start resting.
Magic restored.
You start resting.
HP restored.
You open the door.
There is an open door here.
You open the door.
A harpy simulacrum comes into view.
The harpy simulacrum claws you! The harpy simulacrum freezes you!
The harpy simulacrum misses you.
The harpy simulacrum closely misses you.
The harpy simulacrum claws you but does no damage.
Unknown command.
Casting: Flame Wave (dangerous; 1% risk of failure)
Confirm with . or Enter, or press ? or * to list all spells.
Casting: Flame Wave (dangerous; 1% risk of failure)
Press: ? - help, Dir - look around, f - activate A wave of flame ripples out!
The flame wave engulfs the harpy simulacrum!
The harpy simulacrum melts!
The harpy simulacrum is severely damaged. (Press . to intensify the flame waves.)
The harpy simulacrum claws you. The harpy simulacrum freezes you!
* * * LOW HITPOINT WARNING * * *
The harpy simulacrum closely misses you.
The harpy simulacrum claws you.
* * * LOW HITPOINT WARNING * * *
The harpy simulacrum freezes you!
You die...

#⌠?##'##)⌠#
##'#...#'##
..#...#
###...###
#.#...#.#
###'#...#'###
#.'.......'.#
###.8...8.###
#.Z@......'.#
###.8...8.###
...........'
###.8...8.###
+.......+
#.8...8.#
+.......'.
####'#####


You could see a harpy simulacrum.

Vanquished Creatures
  A two-headed ogre (D:9)
  2 ice statues (IceCv)
  3 cane toads (Lair:1)
  2 rime drakes (Lair:1)
  2 anaconda simulacra (IceCv)
  2 ice devils (IceCv)
  2 trolls
  Prince Ribbit (D:7)
  A wyvern (Lair:1)
  2 dire elephant simulacra (IceCv)
  22 yaks
  3 fire bats (Lair:1)
  2 humans (D:7)
  4 steam dragons
  2 harpy simulacra (IceCv)
  4 water moccasins
  An ice beast (D:8)
  2 orc warriors
  7 sky beasts
  A necrophage (D:6)
  3 ogres
  4 wolves (D:9)
  3 centaurs (D:8)
  An elf zombie (Ossuary)
  4 bullfrogs
  A water moccasin zombie (D:5)
  A cane toad simulacrum (Lair:1)
  A wyvern skeleton (D:7)
  An elephant simulacrum (IceCv)
  A jelly (D:7)
  8 wights (D:9)
  A howler monkey (D:4)
  4 centaur zombies
  A bullfrog zombie (D:7)
  5 hounds
  2 bullfrog skeletons
  5 orc priests
  10 orc wizards
  4 iguanas
  A polar bear simulacrum (IceCv)
  A spriggan simulacrum (IceCv)
  A wolf simulacrum (IceCv)
  2 mummies (Ossuary)
  4 gnolls (D:4)
  6 adders
  A white imp (D:8)
  3 ufetubi
  4 adder zombies (Ossuary)
  2 adder skeletons
  2 worms
  11 dart slugs
  29 orcs
  4 endoplasms
  5 giant cockroaches
  6 goblins
  4 hobgoblins
  7 jackals
  5 kobolds
  3 quokkas
  5 ball pythons
  6 bats
  7 frilled lizards
  2 goblin zombies (Ossuary)
  7 hobgoblin zombies (Ossuary)
  A jackal zombie (Ossuary)
  12 kobold zombies (Ossuary)
  8 orc zombies (Ossuary)
  3 rats (D:2)
  A rat zombie (Ossuary)
279 creatures vanquished.

Vanquished Creatures (others)
  435 foxfires
  5 withered plants (Lair:1)
440 creatures vanquished.

Grand Total: 719 creatures vanquished

Notes
Turn   | Place    | Note
-------+----------+-------------------------------------------
     0 | D:1      | Banquo the Deep Elf Fire Elementalist began the quest for
                  | the Orb.
     0 | D:1      | Reached XP level 1. HP: 10/10 MP: 6/6
   459 | D:1      | Reached XP level 2. HP: 15/15 MP: 5/8
   463 | D:1      | Learned a level 2 spell: Scorch
   789 | D:1      | Found a faded altar of an unknown god.
  1038 | D:2      | Reached XP level 3. HP: 19/19 MP: 4/9
  1042 | D:2      | Learned a level 3 spell: Conjure Flame
  2275 | D:3      | Reached XP level 4. HP: 24/24 MP: 6/11
  2404 | D:3      | Reached skill level 4 in Spellcasting
  3092 | D:4      | Reached skill level 5 in Fire Magic
  3092 | D:4      | Reached XP level 5. HP: 28/28 MP: 9/14
  3101 | D:4      | Reached skill level 5 in Spellcasting
  3274 | D:4      | Noticed an ogre
  3733 | D:4      | Killed an ogre
  3734 | D:4      | Reached skill level 6 in Spellcasting
  3734 | D:4      | Reached XP level 6. HP: 32/32 MP: 11/17
  3745 | D:4      | Reached skill level 1 in Shields
  3908 | D:4      | Found a hide-covered altar of Uskayaw.
  4127 | D:4      | Found Agricoel's Assorted Antiques.
  4133 | D:4      | Bought a scroll labelled PEESASI EFFACAPET for 24 gold
                  | pieces
  4133 | D:4      | Bought a scroll labelled GONAUGUESA for 24 gold pieces
  4133 | D:4      | Bought a scroll labelled ESOENU BAEC for 24 gold pieces
  4290 | D:4      | Found Agricoel's Assorted Antiques.
  4454 | D:4      | Found a hide-covered altar of Uskayaw.
  4842 | D:5      | Entered Level 5 of the Dungeon
  4842 | D:5      | Noticed a sky beast
  4847 | D:4      | Killed a sky beast
  4848 | D:4      | Reached XP level 7. HP: 36/36 MP: 12/19
  4952 | D:5      | Found a sand-covered staircase.
  4976 | D:5      | Reached skill level 7 in Spellcasting
  5092 | Ossuary  | Entered an ossuary
  5621 | Ossuary  | Reached XP level 8. HP: 38/41 MP: 0/21
  5747 | Ossuary  | Learned a level 4 spell: Flame Wave
  6208 | D:5      | Reached skill level 8 in Spellcasting
  7540 | D:6      | Identified a scroll of acquirement
  7709 | D:6      | Found a basalt altar of Yredelemnul.
  7711 | D:6      | Noticed a profane servitor
  7716 | D:6      | Found a glowing golden altar of the Shining One.
  7718 | D:6      | Noticed an angel
  8041 | D:6      | Reached skill level 9 in Spellcasting
  8159 | D:6      | Reached XP level 9. HP: 45/45 MP: 11/24
  8613 | D:7      | Found an iron altar of Okawaru.
  8984 | D:7      | Reached skill level 10 in Spellcasting
  8984 | D:7      | Reached skill level 5 in Conjurations
  9036 | D:7      | Found a staircase to the Ecumenical Temple.
  9044 | Temple   | Entered the Ecumenical Temple
  9103 | Temple   | Became a worshipper of Vehumet
  9183 | D:7      | Reached skill level 1 in Fighting
  9545 | D:7      | Learned a level 5 spell: Fireball
  9549 | D:7      | Learned a level 3 spell: Mephitic Cloud
  9741 | D:7      | Noticed Prince Ribbit
  9747 | D:7      | Killed Prince Ribbit
 10160 | D:8      | Reached skill level 1 in Poison Magic
 10163 | D:8      | Reached skill level 1 in Air Magic
 10210 | D:8      | Reached XP level 10. HP: 45/53 MP: 13/26
 10289 | D:8      | Reached skill level 11 in Spellcasting
 10361 | D:8      | Reached * piety under Vehumet
 10361 | D:8      | Offered knowledge of Shock by Vehumet.
 10364 | D:8      | Learned a level 1 spell: Shock
 10416 | D:8      | Found a large runed translucent door.
 10416 | D:8      | Found a large runed translucent door.
 10538 | D:8      | Reached skill level 10 in Fire Magic
 11129 | D:8      | Found a white marble altar of Elyvilon.
 11136 | D:8      | Found a sparkling altar of Nemelex Xobeh.
 11204 | D:9      | Learned a level 4 spell: Sticky Flame
 11239 | D:9      | Reached skill level 5 in Dodging
 11403 | D:9      | Noticed a two-headed ogre
 11418 | D:9      | Killed a two-headed ogre
 11419 | D:9      | Reached skill level 12 in Spellcasting
 11458 | D:9      | Reached XP level 11. HP: 60/60 MP: 18/29
 11468 | D:9      | Offered knowledge of Sandblast by Vehumet.
 11582 | D:9      | Found a staircase to the Lair.
 11601 | D:9      | Reached ** piety under Vehumet
 11826 | D:9      | Found a burning altar of Makhleb.
 12395 | D:4      | Bought a sedimented sapphire potion for 21 gold pieces
 12395 | D:4      | Bought a silvery potion for 21 gold pieces
 12480 | Lair:1   | Entered Level 1 of the Lair of Beasts
 12484 | Lair:1   | Reached skill level 5 in Shields
 12665 | Lair:1   | Found a runed translucent gate.
 12665 | Lair:1   | Found a runed translucent gate.
 12665 | Lair:1   | Found a runed translucent gate.
 12666 | Lair:1   | Noticed Poumetof's ghost (journeyman GrEE)
 12667 | Lair:1   | Noticed Reqegg's ghost (journeyman MiFi)
 12908 | Lair:1   | Found a frozen archway.
 12919 | IceCv    | Entered an ice cave
 13625 | IceCv    | Offered knowledge of Stone Arrow by Vehumet.
 13648 | IceCv    | Learned a level 3 spell: Stone Arrow
 13687 | IceCv    | Reached skill level 13 in Spellcasting
 13904 | IceCv    | Slain by a harpy simulacrum

Illustrated notes

Levels and vault maps discovered:
D:1:      onia_arrival_pyramid, layout_loops_ring,
          shapermc_ecumenical_altar_pompeii
D:2:      layout_basic, minmay_tetromino_i2
D:3:      layout_rooms
D:4:      layout_rooms, eat_drink_and_be_merry_uskayaw, serial_shops, shop,
          kennysheep_generic_room_11
D:5:      kennysheep_slugbush, layout_layer_cave,
          lightli_ossuary_entry_decrepit_ruins
D:6:      layout_rooms, grunt_temple_overflow_holy_war
D:7:      layout_loops_corners, okawaru_humans, minmay_temple_entry_overgrown,
          uniq_prince_ribbit1
D:8:      layout_basic, jmf_multi_god_temple2, hangedman_misty_isle
D:9:      layout_basic, bloody_makhleb, erik_lair_island, st_stairs_10
Temple:   zaba_magenta_temple
Lair:1:   layout_gridlike, portal_ice_cave_entry_ice_simulacra,
          gammafunk_ghost_cemetery
IceCv:    ice_cave_tombish

Skill      XL: |  1  2  3  4  5  6  7  8  9 10 11 |
---------------+----------------------------------+-----
Fire Magic     | 4 5 6 7 9 10 11 | 11.0
Spellcasting   | 4 6 7 9 10 12 13 | 13.0
Conjurations   | 2 3 4 5 6 8 |  8.8
Shields        | 1 3 4 5 |  5.0
Dodging        | 4 5 6 |  6.8
Fighting       | 2 3 4 |  4.2
Poison Magic   | 1 3 |  3.0
Air Magic      | 1 2 3 |  3.0
Stealth        | |  2.4

Action                   |  1- 3 |  4- 6 |  7- 9 | 10-12 || total
-------------------------+-------+-------+-------+-------++-------
Melee: Hand axe          |       |       |     4 |       ||     4
       Spear             |       |       |     1 |    20 ||    21
 Cast: Foxfire           |    40 |    35 |   137 |    46 ||   258
       Scorch            |    35 |    49 |   117 |    28 ||   229
       Conjure Flame     |       |       |     7 |     8 ||    15
       Flame Wave        |       |       |     5 |     9 ||    14
       Mephitic Cloud    |       |       |     3 |    12 ||    15
       Shock             |       |       |       |    46 ||    46
       Fireball          |       |       |       |    67 ||    67
       Sticky Flame      |       |       |       |    11 ||    11
  Use: Scroll            |       |       |    14 |     5 ||    19
 Stab: Confused          |       |       |       |     1 ||     1
       Sleeping          |       |       |       |     1 ||     1
Armor: Robe              |       |     2 |     5 |       ||     7
       Steam dragon scal |       |       |       |    15 ||    15
Dodge: Dodged            |     1 |     4 |    28 |    48 ||    81
Block: Buckler           |       |       |     6 |    14 ||    20
